Map: Frozen Temple

Players

Wizard

  • Race: Protoss Protoss
  • League: Gold

Blechfaust - Winner!

  • Race: Terran Terran
  • League: Gold

VOD

Have the link to the VOD?

Description

Time

  • Played on: April 9, 2016, 1:06 p.m.
  • Length: 9:48
Show
View Real Time Build Order
Export as new Build Order

Wizard Protoss 

Build Orders:  

Get SALT Encoding   

  12  0:01  Probe (Chrono Boost)  
  13  0:18  Pylon  
  14  0:21  Probe (Chrono Boost)  
  14  0:42  Forge  
  14  0:45  Probe (Chrono Boost)  
  15  0:52  Pylon  
  15  1:02  Probe (Chrono Boost)  
  15  1:19  Photon Cannon  
  15  1:25  Probe (Chrono Boost)  
  16  1:27  Assimilator  
  16  1:33  Gateway  
  16  1:35  Probe (Chrono Boost)  
  17  1:40  Photon Cannon  
  16  1:52  Probe (Chrono Boost)  
  17  1:59  Assimilator  
  17  2:02  Probe (Chrono Boost)  
  17  2:04  Pylon  
  18  2:13  Probe (Chrono Boost)  
  19  2:24  Probe (Chrono Boost)  
  19  2:25  Cybernetics Core  
  20  2:34  Probe (Chrono Boost)  
  20  2:36  Protoss Ground Weapons Level 1 (Chrono Boost)  
  21  2:44  Probe (Chrono Boost)  
  22  2:56  Probe  
  23  3:03  Twilight Council  
  23  3:07  Adept  
  23  3:08  Probe  
  26  3:17  Pylon  
  26  3:20  Probe  
  26  3:21  Warp Gate (Chrono Boost)  
  27  3:32  Probe  
  28  3:34  Adept  
  28  3:37  Pylon  
  30  3:44  Resonating Glaives (Chrono Boost), Probe  
  31  3:56  Probe  
  31  3:57  Gateway  
  31  4:01  Gateway  
  32  4:12  Probe  
  33  4:24  Probe  
  34  4:32  Protoss Ground Armor Level 1 (Chrono Boost)  
  34  4:36  Probe  
  35  4:46  Pylon  
  35  4:49  Nexus  
  35  5:23  Adept x3  
  41  5:44  Adept x3  
  47  6:01  Gateway  
  47  6:06  Gateway  
  47  6:08  Probe  
  48  6:11  Adept  
  48  6:12  Adept x2  
  48  6:18  Probe  
  54  6:19  Gateway  
  55  6:29  Probe  
  37  6:45  Assimilator  
  37  6:46  Assimilator  
  33  6:52  Adept x3, Pylon  
  33  6:53  Pylon  
  39  7:10  Dark Shrine  
  39  7:12  Pylon  
  39  7:13  Adept  
  39  7:14  Adept x2  
  42  7:41  Stalker  
  42  7:42  Stalker x2  
Show
View Real Time Build Order
Export as new Build Order

Blechfaust Terran - Winner!

Build Orders: MMM Bio 

Get SALT Encoding   

  12  0:00  SCV  
  13  0:13  SCV  
  14  0:18  Supply Depot  
  14  0:25  SCV  
  15  0:40  SCV  
  15  0:42  Barracks  
  16  0:47  Refinery  
  16  0:52  SCV  
  17  1:10  SCV  
  18  1:21  Barracks  
  18  1:31  Marine  
  19  1:58  Barracks Tech Lab  
  19  1:59  Orbital Command  
  19  2:10  Supply Depot  
  19  2:11  Marine  
  20  2:19  Combat Shields  
  20  2:24  Marine  
  21  2:33  Barracks Reactor  
  21  2:35  Supply Depot  
  21  2:38  SCV  
  22  2:46  Refinery  
  22  2:55  Engineering Bay  
  22  2:58  SCV  
  23  3:11  Marine  
  23  3:12  Marauder  
  26  3:13  Marine  
  27  3:20  SCV  
  27  3:25  Terran Infantry Weapons Level 1  
  28  3:36  SCV  
  28  3:40  Factory  
  29  3:45  Stimpack  
  29  3:54  Marine x2  
  31  3:57  Marauder  
  33  4:03  SCV  
  34  4:14  Missile Turret  
  34  4:17  Marine x2  
  34  4:19  Marauder  
  38  4:25  Starport  
  38  4:36  Supply Depot  
  38  4:39  Marine  
  39  4:48  Supply Depot  
  39  4:57  Marine  
  39  4:58  Marauder  
  39  4:59  Marine  
  43  5:03  Medivac  
  45  5:11  Supply Depot  
  45  5:15  Marine  
  46  5:23  Marauder  
  46  5:24  Marine  
  49  5:33  Marine, Medivac  
  52  5:43  Marine  
  52  5:45  Marauder  
  55  5:55  Terran Infantry Armor Level 1  
  55  5:56  Supply Depot  
  55  5:58  Concussive Shells  
  55  6:03  Medivac  
  57  6:06  Marine x2  
  57  6:07  Marauder  
  61  6:19  Supply Depot  
  61  6:23  Marine  
  61  6:24  Marine  
  63  6:39  Marauder  
  56  6:40  Medivac  
  56  6:41  Marine  
  58  7:01  Marauder  
  60  7:02  Supply Depot  
  60  7:10  Marine x2, Missile Turret  
  60  7:12  Medivac  
  64  7:22  Marauder  
  66  7:28  Marine x2  
  68  7:43  Marauder  
  66  7:56  Marine x2  
  66  7:57  Medivac  
  70  8:05  Marauder  
  72  8:13  Marine  
  72  8:14  Marine  
  74  8:35  Marine x2  
  74  8:36  Medivac, Marauder  
  80  9:24  Marine x2  
  80  9:25  Marauder  
Tags
 
Composition
MMM Bio
League
GoldGold
Matchup
PvT
Add a new tag
Caveats
  • Supply blocks, unpowered buildings, or Contaminate may cause inaccurate times.
  • Supply counts are checked every 10 seconds.